Map: [ESL] Crimson Court

Players

Oliveira - Winner!

  • Race: Terran Terran
  • Spawn Location: 7:00

Coffee

  • Race: Protoss Protoss
  • Spawn Location: 1:00

Event: ESL SC2 Masters 2024 Spring (Regional)

VOD

Have the link to the VOD?

Description

Time

  • Played on: April 25, 2024, 5:40 a.m.
  • Length: 15:25

All games in this series

Show
View Real Time Build Order
Export as new Build Order

Oliveira Terran - Winner!

Build Orders:  

Get SALT Encoding   

  12  0:00  SCV  
  13  0:12  SCV  
  14  0:17  Supply Depot  
  14  0:24  SCV  
  15  0:38  SCV  
  15  0:39  Barracks  
  16  0:44  Refinery  
  16  0:50  SCV  
  16  0:53  Refinery  
  17  1:02  SCV  
  18  1:14  SCV  
  19  1:27  Orbital Command, Barracks Reactor  
  19  1:28  Supply Depot  
  19  1:41  Factory  
  19  1:52  SCV  
  20  2:05  SCV, Reaper  
  20  2:06  Reaper  
  23  2:18  Command Center  
  23  2:21  SCV  
  24  2:26  Hellion  
  26  2:32  Supply Depot  
  26  2:35  SCV  
  27  2:38  Reaper  
  27  2:39  Reaper  
  29  2:47  Hellion  
  31  2:55  SCV  
  31  2:56  Barracks  
  32  3:06  Barracks  
  32  3:08  SCV  
  32  3:12  Factory Tech Lab  
  33  3:13  Marine  
  33  3:16  Marine  
  35  3:20  SCV  
  36  3:30  Siege Tank  
  36  3:33  Orbital Command  
  39  3:39  SCV  
  39  3:40  Marine x2  
  42  3:46  Barracks Tech Lab  
  42  3:48  Orbital Command  
  42  3:51  SCV  
  43  3:56  Barracks Tech Lab  
  43  4:01  Marine x2  
  47  4:02  Cyclone  
  47  4:05  Stimpack  
  47  4:07  SCV  
  48  4:12  Supply Depot  
  48  4:15  SCV  
  49  4:18  Combat Shield  
  49  4:23  Marine  
  50  4:24  SCV  
  50  4:27  SCV  
  50  4:28  Marine  
  52  4:32  Marine  
  52  4:33  Marine  
  54  4:40  Siege Tank  
  54  4:41  Marine  
  54  4:44  SCV  
  54  4:45  SCV  
  60  4:49  Supply Depot  
  60  4:50  Marine  
  61  4:54  Marine  
  62  5:00  Marine  
  62  5:06  Supply Depot  
  62  5:10  Marine  
  62  5:11  SCV x2  
  62  5:13  Marine  
  62  5:14  Marauder  
  68  5:23  SCV  
  62  5:31  Marine, SCV  
  62  5:34  Marine  
  60  5:35  Marine  
  60  5:37  SCV  
  60  5:39  Marine  
  60  5:43  Engineering Bay  
  60  5:45  Command Center, SCV  
  60  5:47  Bunker  
  60  5:49  Marine, SCV  
  60  5:51  Starport  
  60  5:53  Factory Reactor  
  60  5:57  Supply Depot, SCV  
  60  5:58  Marine  
  60  6:02  Marine x2  
  64  6:04  SCV  
  64  6:10  Terran Infantry Weapons Level 1, SCV  
  66  6:15  Barracks x2  
  66  6:18  SCV  
  67  6:21  Missile Turret  
  67  6:23  SCV  
  67  6:24  Marine  
  67  6:25  Marine x2  
  71  6:29  Refinery  
  71  6:30  SCV  
  71  6:31  Supply Depot  
  72  6:38  Medivac x2  
  76  6:41  Factory Reactor  
  76  6:42  Refinery, SCV x2  
  76  6:44  Marine  
  76  6:45  Marine  
  76  6:46  Marine  
  81  6:50  Concussive Shells, Marauder  
  81  6:54  SCV  
  84  6:55  SCV  
  84  6:58  Orbital Command  
  85  7:04  Marauder  
  87  7:09  Marine x2  
  87  7:12  Ghost Academy  
  87  7:13  SCV  
  87  7:15  Marauder x2  
  93  7:18  Medivac  
  93  7:20  SCV  
  93  7:22  Marine  
  96  7:25  SCV  
  96  7:26  Orbital Command  
  99  7:33  Supply Depot  
  99  7:35  Supply Depot  
  99  7:36  SCV  
  102  7:37  SCV  
  102  7:41  Ghost x2  
  102  7:42  Ghost  
  105  7:46  Missile Turret  
  105  7:48  SCV  
  106  7:51  Supply Depot  
  106  7:54  SCV  
  106  7:56  Supply Depot  
  106  7:57  SCV  
  106  7:58  Marine x3  
  109  7:59  Marine  
  109  8:00  SCV  
  112  8:10  Marine  
  112  8:11  Marauder x2  
  104  8:16  Marine x3  
  104  8:17  Marine  
  88  8:21  SCV  
  88  8:22  SCV  
  88  8:25  SCV  
  91  8:29  Engineering Bay, Marauder, Armory  
  91  8:30  Terran Infantry Armor Level 1  
  91  8:32  Marine, Marauder  
  91  8:33  Marine  
  97  8:35  Medivac x2  
  97  8:36  Marine  
  104  8:41  SCV x2  
  104  8:45  SCV  
  107  8:53  Command Center  
  107  8:54  Marauder  
  107  8:55  Marauder x2  
  111  8:58  Refinery  
  111  8:59  Refinery  
  111  9:01  SCV  
  111  9:04  SCV  
  111  9:08  Viking  
  111  9:09  Viking  
  116  9:11  Missile Turret  
  116  9:13  SCV x2  
  116  9:14  Supply Depot  
  116  9:16  Supply Depot  
  118  9:18  Terran Infantry Weapons Level 2  
  118  9:19  Ghost x2  
  118  9:22  Marauder  
  126  9:32  SCV  
  126  9:33  Terran Ship Weapons Level 1, SCV x2  
  126  9:36  Factory Reactor  
  131  9:39  Starport  
  131  9:40  Supply Depot  
  131  9:41  Viking  
  128  9:45  Viking  
  128  9:46  Marauder  
  132  9:55  Barracks  
  132  9:56  Barracks, SCV  
  132  9:58  SCV  
  132  9:59  Barracks, SCV  
  135  10:04  Marauder x2  
  135  10:05  Sensor Tower  
  135  10:06  Missile Turret  
  139  10:08  SCV  
  139  10:10  SCV  
  139  10:13  Missile Turret  
  140  10:16  Viking x2  
  140  10:19  SCV  
  140  10:20  Unknown, SCV  
  146  10:25  Planetary Fortress  
  146  10:27  Marauder  
  146  10:28  Marauder  
  149  10:33  Medivac x2  
  153  10:36  SCV x2  
  155  10:46  Command Center, Sensor Tower, Barracks Tech Lab x2  
  155  10:49  Marauder x2  
  157  10:53  Barracks Tech Lab  
  157  10:54  SCV  
  157  10:56  Marine, Marauder  
  158  10:58  Medivac, Viking  
  158  11:02  Terran Infantry Armor Level 2  
  162  11:07  Marauder x2  
  162  11:10  Ghost  
  168  11:12  Marauder  
  168  11:14  SCV x2  
  172  11:20  Missile Turret  
  172  11:21  Ghost  
  172  11:23  Marauder  
  172  11:25  Fusion Core  
  176  11:28  Personal Cloaking  
  175  11:37  Terran Ship Weapons Level 2  
  174  11:44  Supply Depot x2  
  174  11:45  Terran Infantry Weapons Level 3  
  174  11:52  Ghost  
  175  11:54  Command Center  
  174  12:07  Marauder x2  
  174  12:08  Caduceus Reactor  
  177  12:12  Viking x2, Marauder  
  183  12:20  Viking  
  185  12:23  SCV x3  
  185  12:26  Planetary Fortress  
  185  12:29  Missile Turret  
  187  12:30  Viking  
  187  12:34  Marauder x2  
  195  12:37  Marauder  
  195  12:41  Marauder  
  195  12:42  Missile Turret  
  195  12:44  Refinery x2  
  197  12:47  Marauder x2  
  198  12:56  Marauder  
  200  12:59  Starport  
  200  13:04  Advanced Ballistics  
  200  13:10  Viking  
  181  13:13  Ghost  
  181  13:14  Ghost  
  181  13:16  Ghost  
  181  13:17  Marine  
  181  13:19  Ghost x2  
  143  13:20  Marine x2  
  143  13:23  Liberator x2  
  143  13:25  Marine x2  
  150  13:33  Orbital Command  
  150  13:36  Marine  
  150  13:37  Starport Reactor  
  150  13:39  Liberator  
  150  13:41  Command Center  
  154  13:46  Ghost  
  154  13:47  Ghost  
  158  13:56  Marauder x4  
  158  13:57  Marine x2  
  158  13:58  Marine x2  
  169  14:09  Command Center, Viking  
  171  14:11  Viking  
  173  14:21  Liberator, Viking  
  173  14:22  Liberator  
  173  14:23  Marauder x2  
  173  14:24  Marauder  
  187  14:26  Ghost  
  187  14:28  Marauder  
  191  14:50  Marauder x2  
Show
View Real Time Build Order
Export as new Build Order

Coffee Protoss 

Build Orders: 1 Gate Expand, Oracle Opening, Phoenix Opening 

Get SALT Encoding   

  12  0:00  Probe  
  13  0:12  Probe  
  14  0:17  Pylon  
  14  0:24  Probe (Chrono Boost)  
  15  0:36  Probe (Chrono Boost)  
  15  0:37  Gateway  
  16  0:44  Probe (Chrono Boost)  
  16  0:46  Assimilator  
  17  0:51  Probe  
  18  1:03  Probe  
  19  1:15  Probe  
  20  1:22  Nexus  
  20  1:32  Cybernetics Core  
  20  1:36  Probe  
  21  1:42  Assimilator  
  21  1:48  Probe  
  21  1:51  Pylon  
  22  2:00  Probe  
  23  2:07  Adept (Chrono Boost)  
  23  2:12  Probe  
  26  2:16  Stargate  
  26  2:24  Probe, Warp Gate  
  26  2:27  Adept (Chrono Boost)  
  27  2:34  Probe  
  27  2:36  Probe  
  31  2:43  Shield Battery  
  31  2:47  Probe  
  31  2:48  Probe  
  33  2:51  Adept  
  35  2:58  Shield Battery  
  35  3:02  Oracle (Chrono Boost)  
  38  3:08  Probe  
  39  3:16  Probe  
  40  3:20  Probe  
  40  3:23  Pylon  
  41  3:28  Probe  
  41  3:30  Twilight Council  
  41  3:32  Probe  
  43  3:39  Phoenix (Chrono Boost)  
  43  3:40  Probe  
  46  3:44  Probe  
  47  3:50  Pylon  
  47  3:53  Probe  
  48  3:56  Probe  
  49  4:03  Charge (Chrono Boost)  
  49  4:04  Gateway  
  49  4:05  Probe, Gateway  
  49  4:08  Probe  
  51  4:13  Zealot  
  53  4:17  Phoenix  
  55  4:29  Pylon  
  55  4:34  Gateway  
  55  4:35  Zealot, Pylon  
  57  4:59  Zealot x2  
  61  5:04  Zealot  
  63  5:14  Pylon x2  
  63  5:16  Gateway  
  63  5:30  Probe  
  63  5:32  Probe  
  63  5:33  Pylon  
  63  5:34  Zealot  
  63  5:35  Zealot x3  
  69  5:41  Templar Archives  
  69  5:42  Probe  
  70  5:44  Probe  
  70  5:46  Phoenix  
  73  5:54  Probe  
  73  5:56  Probe, Pylon  
  75  5:59  Psionic Storm, Gateway  
  75  6:00  Gateway  
  75  6:03  Gateway, Nexus  
  75  6:04  Pylon  
  75  6:08  Assimilator  
  75  6:10  Assimilator  
  75  6:11  Probe x2  
  77  6:15  Phoenix (Chrono Boost)  
  79  6:26  Probe  
  79  6:27  Probe  
  81  6:34  Pylon  
  81  6:36  Assimilator  
  81  6:38  Probe  
  81  6:39  Probe  
  83  6:40  Forge, High Templar  
  85  6:47  High Templar  
  85  6:51  Probe  
  85  6:53  Pylon  
  88  6:56  Probe  
  88  6:57  Gateway  
  88  6:59  Zealot  
  91  7:03  Probe  
  91  7:04  Zealot  
  91  7:05  High Templar  
  96  7:08  Probe  
  96  7:13  Zealot x3  
  96  7:15  Probe  
  104  7:16  Probe  
  104  7:20  Probe  
  106  7:24  Zealot  
  106  7:27  Pylon  
  108  7:32  Pylon  
  108  7:40  Zealot x5  
  118  7:46  Gateway  
  118  7:57  Zealot x3  
  103  8:14  Zealot x2  
  103  8:15  Zealot x3  
  87  8:21  Probe  
  87  8:23  Probe x2  
  87  8:26  Protoss Ground Weapons Level 1 (Chrono Boost)  
  86  8:27  Robotics Facility  
  86  8:28  Zealot x2  
  86  8:29  Zealot  
  92  8:36  Robotics Facility  
  92  8:46  Zealot x2  
  92  8:47  Zealot  
  98  8:51  Nexus  
  98  8:53  High Templar x2  
  102  8:56  High Templar  
  104  9:05  Pylon  
  104  9:08  Photon Cannon  
  102  9:12  Assimilator  
  102  9:13  Probe x3  
  105  9:18  Observer (Chrono Boost), Robotics Bay  
  106  9:26  High Templar  
  106  9:27  High Templar  
  110  9:33  Probe x3  
  110  9:34  Photon Cannon, Shield Battery  
  110  9:37  High Templar x2  
  117  9:45  Probe  
  118  9:51  Probe x2  
  120  9:54  Colossus (Chrono Boost), Shield Battery  
  120  9:55  Colossus (Chrono Boost)  
  120  9:57  Probe  
  120  9:58  Assimilator  
  120  9:59  Assimilator  
  121  10:02  Extended Thermal Lance (Chrono Boost)  
  121  10:03  Probe x2  
  135  10:08  Protoss Ground Weapons Level 2 (Chrono Boost)  
  135  10:09  Probe  
  134  10:15  Probe  
  135  10:24  Zealot  
  135  10:25  Zealot x6  
  149  10:29  Pylon  
  149  10:30  Pylon  
  149  10:32  Pylon  
  149  10:33  Pylon  
  147  10:45  Colossus (Chrono Boost)  
  147  10:47  Colossus (Chrono Boost)  
  155  11:01  High Templar  
  155  11:02  High Templar  
  157  11:04  Stalker x2  
  157  11:05  Stalker x2  
  157  11:06  Stalker x2  
  167  11:21  Gateway  
  167  11:23  Gateway  
  167  11:29  Stargate  
  167  11:30  Stalker x3  
  167  11:31  Pylon  
  173  11:36  Colossus (Chrono Boost)  
  173  11:39  Stalker x4  
  185  11:48  Colossus (Chrono Boost)  
  183  12:08  Protoss Ground Weapons Level 3 (Chrono Boost)  
  179  12:20  Stargate  
  179  12:21  Fleet Beacon  
  179  12:23  Colossus, Stalker x3  
  179  12:24  Stalker  
  191  12:46  Blink (Chrono Boost)  
  195  13:01  Colossus (Chrono Boost)  
  159  13:17  Archon x2  
  159  13:19  Zealot x9  
  141  13:20  Zealot  
  113  13:28  Colossus (Chrono Boost)  
  113  13:30  Carrier (Chrono Boost)  
  113  13:31  Carrier (Chrono Boost)  
  127  13:41  High Templar x2  
  131  13:42  Pylon, High Templar x2, Nexus  
  131  13:47  Stalker  
  137  13:48  Stalker x2  
  137  13:49  Pylon, High Templar  
  137  13:55  Probe x3  
  152  13:58  Colossus (Chrono Boost)  
  152  14:05  High Templar  
  152  14:08  Stalker  
  154  14:10  Nexus  
  154  14:11  Pylon  
  154  14:18  Probe x3  
  154  14:21  Photon Cannon, High Templar  
  154  14:24  Carrier (Chrono Boost), Assimilator  
  159  14:27  Assimilator  
  171  14:46  Unknown  
  171  14:50  Stalker  
  167  14:53  Stalker x6  
  149  15:07  Archon  
  149  15:12  Zealot x3  
  100  15:15  Zealot  
  100  15:16  Zealot  
Tags
 
Add a new tag
Caveats
  • Supply blocks, unpowered buildings, or Contaminate may cause inaccurate times.
  • Supply counts are checked every 10 seconds.